 Dungeon Crawl Stone Soup version 0.16.0-18-g484a79e (webtiles) character file.

157 RobertPalmer the Caller (level 5, 0/46 HPs)
             Began as an Octopode Summoner on Mar 23, 2015.
             Slain by Dowan
             ... wielding a +0 dagger
              (1 damage)
             ... on level 4 of the Dungeon.
             The game lasted 00:09:14 (3317 turns).

RobertPalmer the Caller (Octopode Summoner)         Turns: 3317, Time: 00:09:14

Health: 0/46       AC: 22    Str: 12    XL:     5   Next: 38%
Magic:  9/9        EV:  2    Int: 17    God:
Gold:   296        SH:  0    Dex: 23    Spells: 3 memorised, 2 levels left

rFire  x . .     SeeInvis .     a - +4 dagger of Winter {vamp, Dex+4}
rCold  . . .     Clarity  .     l - +1 buckler
rNeg   + + +     SustAb   +     (helmet currently unavailable)
rPois  +         Gourm    .     (no amulet)
rElec  +         Spirit   .     m - ring of Siysoymo {SustAb rElec rPois rF-}
rCorr  .         Warding  .     (no ring)
rMut   .         NoTele   +     (no ring)
MR     .....                    (no ring)
Stlth  ++........               (no ring)
                                (no ring)
                                (no ring)
                                (no ring)

@: confused, mighty, agile, tree-form, not resistant to hostile enchantments,
unstealthy
A: almost no armour, amphibious, 8 rings, (constrict 8), (camouflage 0),
(gelatinous body 0)
a: no special abilities


You were on level 4 of the Dungeon.
You were not hungry.
You were a tree.
You visited 1 branch of the dungeon, and saw 4 of its levels.

You collected 296 gold pieces.

Inventory:

Hand weapons
 a - the +4 dagger of Winter (weapon) {vamp, Dex+4}
   (You found it on level 4 of the Dungeon)

   It inflicts no extra harm, but heals its wielder somewhat when it strikes a
   living foe.
   It affects your dexterity (+4).
 h - a +2 dagger of holy wrath
   (You took it off a goblin on level 1 of the Dungeon)
Missiles
 d - 11 poisoned needles
Armour
 l - a +1 buckler (worn)
   (You found it on level 2 of the Dungeon)
Jewellery
 m - the ring of Siysoymo (left branch) {SustAb rElec rPois rF-}
   (You found it on level 4 of the Dungeon)

   [ring of sustain abilities]

   It sustains your strength, intelligence and dexterity.
   It makes you vulnerable to fire.
   It insulates you from electricity.
   It protects you from poison.
 r - an uncursed amulet of warding {Ward, rN+, !d}
   (You found it on level 3 of the Dungeon)
Scrolls
 f - a scroll of enchant weapon
 k - 2 scrolls of teleportation
Potions
 g - 2 potions of flight
 n - a potion of might
Books
 b - a book of Callings
Comestibles
 c - 2 bread rations {@e1}
 p - 2 fruits


   Skills:
 - Level 2.0 Dodging
 - Level 2.6 Stealth
 - Level 1.4 Shields
 - Level 2.0 Spellcasting
 + Level 6.2 Summonings


You had 2 spell levels left.
You knew the following spells:

 Your Spells              Type           Power        Failure   Level  Hunger
a - Summon Small Mammal   Summ           ###.         1%          1    #......
b - Call Canine Familiar  Summ           ###.....     8%          3    ###....
c - Call Imp              Summ           ###.....     3%          2    ###....


Dungeon Overview and Level Annotations

Branches:
Dungeon (4/15)
 Temple: D:4-7

Altars:
Ashenzari
Okawaru

Shops:
D:4 (

Annotations:
D:4 CrazyArbalest's ghost, average CeHu; Dowan; Duvessa; Pikel


Innate Abilities, Weirdness & Mutations

You cannot wear most types of armour.
You are amphibious.
You can wear up to eight rings at the same time.
((You can use your tentacles to constrict many enemies at once.))
((Your skin changes colour to match your surroundings (Stealth).))
((Your rubbery body absorbs attacks (AC +1).))


Message History

The kobold hits you but does no damage. Pikel hits you with a whip of freezing.
* * * LOW HITPOINT WARNING * * *
Pikel freezes you.
* * * LOW HITPOINT WARNING * * *
The slave hits you but does no damage.
Duvessa zaps a wand.
You are more confused.
You take 5 damage, and have 6/46 hp.
Drink which item? (? for menu, Esc to quit)
It was a potion of poison.
You feel slightly nauseous. The kobold hits you but does no damage.
Pikel hits you but does no damage. The slave hits you but does no damage.
Dowan casts a spell at you.
Helpless, you fail to dodge the puff of flame.
* * * LOW HITPOINT WARNING * * *
Duvessa zaps a wand.
You are more confused.
You take 1 damage, and have 5/46 hp.
You're too confused!
You cannot move. (Use ctrl+direction to attack without moving) Unknown command.
Unknown command.
Put on which piece of jewellery? (? for menu, Esc to quit)
m - the ring of Siysoymo (left branch) {SustAb rElec rPois rF-} The worker ant waves its antennae.
The kobold hits you but does no damage.
You cannot move. (Use ctrl+direction to attack without moving)
You swing at nothing.
Pikel hits you but does no damage. The slave hits you but does no damage.
Duvessa zaps a wand.
You resist with some effort.
Dowan zaps a wand.
Helpless, you fail to dodge the puff of frost.
It is a wand of frost.
The kobold hits you but does no damage.
Unknown command.
Unknown command.
Unknown command.
You miss Dowan. Pikel hits you but does no damage.
The slave hits you but does no damage. Dowan hits you but does no damage.
Duvessa hits you but does no damage. The kobold hits you but does no damage.
You swing at nothing.
Pikel hits you but does no damage. The slave hits you but does no damage.
Duvessa zaps a wand.
You resist with some effort. Dowan hits you but does no damage.
The kobold hits you but does no damage.
Unknown command.
Unknown command.
Unknown command.
You puncture the slave!
You feel better. The slave hits you but does no damage.
Pikel hits you but does no damage. Dowan casts a spell at you.
Helpless, you fail to dodge the puff of flame.
Duvessa zaps a wand.
You resist with some effort. The kobold hits you but does no damage.
Unknown command.
You puncture the slave! Pikel hits you but does no damage. The slave hits you.
* * * LOW HITPOINT WARNING * * *
Duvessa zaps a wand.
You resist with some effort.
Dowan zaps a wand.
Helpless, you fail to dodge the puff of frost.
The kobold hits you but does no damage.
You take 3 damage, and have 3/46 hp.
Unknown command.
You hit Pikel.
You feel better. The slave hits you.
* * * LOW HITPOINT WARNING * * *
Pikel hits you but does no damage. Duvessa hits you but does no damage.
Dowan hits you but does no damage. The kobold hits you but does no damage.
You regained 3 hp, and now have 6/46 hp.
Unknown command.
Unknown command.
Unknown command.
You barely miss the kobold. The slave hits you but does no damage.
Pikel hits you but does no damage.
Dowan points at you and mumbles some strange words.
The puff of frost hits you! Duvessa completely misses you.
The kobold hits you but does no damage.
Unknown command.
You hit the kobold.
You kill the kobold!
The slave hits you but does no damage.
Dowan zaps a wand.
Helpless, you fail to dodge the puff of frost.
Pikel hits you but does no damage.
Duvessa zaps a wand.
You resist with some effort.
You barely miss Duvessa. The slave hits you but does no damage.
The slave hits you but does no damage. Dowan hits you but does no damage.
Pikel hits you with a whip of freezing.
* * * LOW HITPOINT WARNING * * *
Pikel freezes you.
* * * LOW HITPOINT WARNING * * *
Duvessa zaps a wand.
You resist with some effort.
You take 5 damage, and have 1/46 hp.
Unknown command.
Unknown command.
You swing at nothing.
The slave hits you but does no damage. The slave hits you but does no damage.
Dowan hits you with a dagger.
You die...

#W....## ## . #.....#
.#+#..##. ......#...[#
.....# #. ######..#.#
.#.#.###. .........##
##.........
..W.......#####)##.#.# #.
#####..#a#......##.#.# #.
####..#e###..#.##.#.# #.
.......#♣pp...#....#.###.
####.epK...p...........
#.#####.##.###..###. #.
#.##.# #..# #. .
.......(...... ##
#####.####.#### #.# #.#
.(# #.# ### #.#


You could see Pikel, Duvessa, 4 slaves, Dowan and a worker ant.

Vanquished Creatures
  A hound (D:4)
  5 adders
  A worm (D:3)
  2 orcs (D:3)
  2 ball pythons (D:2)
  3 giant cockroaches
  6 goblins
  6 hobgoblins
  6 jackals
  4 kobolds
  A quokka (D:3)
  4 bats
  5 giant newts
  4 rats
  A fungus (D:3)
51 creatures vanquished.

Vanquished Creatures (collateral kills)
  2 adders
  A worm (D:2)
  An ooze (D:3)
  An orc (D:4)
  A giant cockroach (D:2)
  2 hobgoblins
  A kobold (D:2)
  A bat (D:3)
  9 jackals
  2 rats
21 creatures vanquished.

Vanquished Creatures (others)
  2 quokkas (D:3)
  2 rats
4 creatures vanquished.

Grand Total: 76 creatures vanquished

Notes
Turn   | Place    | Note
--------------------------------------------------------------
     0 | D:1      | RobertPalmer, the Octopode Summoner, began the quest for the Orb.
     0 | D:1      | Reached XP level 1. HP: 11/11 MP: 3/3
   111 | D:1      | Reached XP level 2. HP: 7/17 MP: 2/4
  1047 | D:1      | Learned a level 2 spell: Call Imp
  1107 | D:2      | Found an iron altar of Okawaru.
  1129 | D:2      | Reached skill level 5 in Summonings
  1129 | D:2      | Reached XP level 3. HP: 12/21 MP: 1/6
  1181 | D:2      | Reached skill level 1 in Shields
  1327 | D:2      | Found a shattered altar of Ashenzari.
  1345 | D:2      | Reached XP level 4. HP: 15/27 MP: 4/7
  2434 | D:3      | Reached XP level 5. HP: 31/31 MP: 9/9
  2919 | D:4      | Reached skill level 6 in Summonings
  2926 | D:4      | Noticed CrazyArbalest's ghost (average CeHu)
  2942 | D:3      | Learned a level 3 spell: Call Canine Familiar
  3084 | D:4      | Got a pitted dagger
  3091 | D:4      | Got a vibrating pewter ring
  3092 | D:4      | Identified the +4 dagger of Winter {vamp, Dex+4} (You found it on level 4 of the Dungeon)
  3215 | D:4      | Noticed Dowan
  3234 | D:4      | Noticed Duvessa
  3265 | D:4      | Noticed a slave
  3265 | D:4      | Noticed a slave
  3265 | D:4      | Noticed Pikel
  3267 | D:4      | Noticed a slave
  3268 | D:4      | Noticed a slave
  3281 | D:4      | Found Gras' Antique Weapon Shoppe.
  3302 | D:4      | HP: 7/31 [slave[Pikel] (3)]
  3307 | D:4      | Identified the ring of Siysoymo {SustAb rElec rPois rF-} (You found it on level 4 of the Dungeon)
  3312 | D:4      | HP: 3/46 [slave[Pikel] (4)]
  3316 | D:4      | HP: 1/46 [Pikel/whip of freezing (1)]
  3317 | D:4      | Slain by Dowan

Action                   |  1- 3 |  4- 6 || total
-------------------------+-------+-------++-------
Melee: Dagger            |    55 |    79 ||   134
       Unarmed           |     2 |       ||     2
 Cast: Summon Small Mamm |    16 |     7 ||    23
       Call Imp          |     4 |    10 ||    14
  Use: Scroll            |     5 |     6 ||    11
       Potion            |       |     6 ||     6
 Stab: Sleeping          |     1 |     6 ||     7
       Distracted        |     1 |     1 ||     2
  Eat: Chunk             |     2 |     5 ||     7
       Bread ration      |       |     2 ||     2

Vault maps used:
D:1:      lightli_arrival_statuegarden
D:2:      okawaru_gym_becter, old_standard_altar
D:3:      first_bread, minmay_misc_feat_hallway, minmay_gold_behind_fungi,
          hex_medium, minmay_misc_feat_more_columns
D:4:      lemuel_round_altar, serial_shops, shop, nicolae_ossuary_entry_giza,
          minmay_joined_circles, uniq_pikel, uniq_duvessa, uniq_natasha,
          uniq_crazy_yiuf_cottage

Table legend:
 A = Turns spent in this place as a percentage of turns spent in the entire game.
 B = Non-inter-level travel turns spent in this place as a percentage of non-inter-level travel turns spent in the entire game.
 C = Inter-level travel turns spent in this place as a percentage of turns spent in this place.
 D = Turns resting spent in this place as a percentage of non-inter-level travel turns spent in this place.
 E = Turns spent auto-exploring this place as a percentage of non-inter-level travel turns spent in this place.
 F = Non-inter-level travel turns spent in this place divided by the number of levels of this place that you've seen.
                   A       B       C       D       E      F
               +-------+-------+-------+-------+-------+----------------------
         Total | 100.0 | 100.0 |   0.5 |   1.9 |   5.7 | 292.0
       Dungeon | 100.0 | 100.0 |   0.5 |   1.9 |   5.7 | 292.0
               +-------+-------+-------+-------+-------+----------------------

Table legend:
 A = Kills in this place as a percentage of kills in entire the game.
 B = Kills by you in this place as a percentage of kills by you in the entire game.
 C = Kills by friends in this place as a percentage of kills by friends in the entire game.
 D = Other kills in this place as a percentage of other kills in the entire game.
 E = Experience gained in this place as a percentage of experience gained in the entire game.
 F = Experience gained in this place divided by the number of levels of this place that you have seen.
                   A       B       C       D       E      F
               +-------+-------+-------+-------+-------+----------------------
         Total | 100.0 | 100.0 | 100.0 |  -nan | 100.0 |  56.2
       Dungeon | 100.0 | 100.0 | 100.0 |  -nan | 100.0 |  56.2
               +-------+-------+-------+-------+-------+----------------------
